 Dungeon Crawl Stone Soup version 0.29-a0-892-g2c4c91d9db (webtiles) character file.

Game seed: 17310075630019861726

103 Demosthentine the Poker (level 4, -14/35 HPs)
             Began as a Merfolk Gladiator on July 23, 2022.
             Demolished by an ogre
             ... wielding a +0 giant club
              (22 damage)
             ... on level 3 of the Dungeon.
             The game lasted 00:02:01 (2226 turns).

Demosthentine the Poker (Merfolk Gladiator)         Turns: 2226, Time: 00:02:01

Health: -14/35     AC:  5    Str: 16    XL:     4   Next: 79%
Magic:  4/4        EV: 13    Int:  7    God:
Gold:   127        SH:  0    Dex: 15    Spells: 3/3 levels left

rFire   . . .      SeeInvis .   a - +0 trident
rCold   . . .      Faith    .   (no shield)
rNeg    . . .      Spirit   .   b - +0 leather armour
rPois   .          Reflect  .   c - +0 helmet
rElec   .          Harm     .   (no cloak)
rCorr   .          Rampage  .   j - +0 pair of gloves
Will    +....                   (no boots)
Stlth   +.........              (no amulet)
HPRegen 0.11/turn               h - ring of willpower
MPRegen 0.09/turn               (no ring)

@: no status effects
A: (nimble swimmer 2), mertail
a: no special abilities


You were on level 3 of the Dungeon.
You visited 1 branch of the dungeon, and saw 3 of its levels.

You collected 127 gold pieces.

Inventory:

Hand Weapons
 a - a +0 trident (weapon)
 m - the +8 mace "Nouxt" {vamp, Contam rElec rCorr Stlth+}
   (You found it on level 2 of the Dungeon)

   It occasionally heals its wielder for a portion of the damage dealt when it
   wounds a living foe.
   rElec:     It insulates you from electricity.
   Contam:    It causes magical contamination when unequipped.
   rCorr:     It protects you from acid and corrosion.
   Stlth:     It makes you more stealthy.
Missiles
 d - a throwing net (quivered)
 e - 4 javelins
Armour
 b - a +0 leather armour (worn)
 c - a +0 helmet (worn)
 j - a +0 pair of gloves (worn)
Jewellery
 h - a ring of willpower (left hand)
 n - a +6 ring of strength
Wands
 k - a wand of charming (9)
Scrolls
 g - a scroll of identify
Potions
 f - 3 potions of curing
 i - 2 potions of haste {unknown}
 l - 2 potions of attraction {unknown}
 o - a potion of brilliance {unknown}


   Skills:
 + Level 3.2 Fighting
 + Level 5.0 Polearms
 - Level 2.0 Throwing
 + Level 1.3 Armour
 + Level 4.9 Dodging


You had 3 spell levels left.
You didn't know any spells.
Your spell library contained the following spells:

 Spells                   Type           Power      Damage    Failure   Level
 Poisonous Vapours        Pois/Air       0%         N/A       65%         2
 Gell's Gravitas          Tloc           0%         N/A       86%         3
 Lesser Beckoning         Tloc           0%         N/A       86%         3
 Ozocubu's Armour         Ice            0%         N/A       86%         3
 Teleport Other           Tloc           0%         N/A       86%         3
 Corpse Rot               Necr/Pois/Air  0%         N/A       99%         4
 Ozocubu's Refrigeration  Ice            0%         4d5       100%        7


Dungeon Overview and Level Annotations

Branches:
Dungeon (3/15)

Altars:
Makhleb


Innate Abilities, Weirdness & Mutations

((You are very nimble when in or above water. (Stealth+, EV+, Speed+++)))
Your lower body shifts to a powerful aquatic tail in water.


Message History

You kill the goblin!
You puncture the goblin!
You kill the goblin!
You hit the goblin.
The goblin is heavily wounded.
The goblin closely misses you.
You hit the goblin.
You kill the goblin!
You closely miss the goblin. The goblin hits you with a +0 dagger.
You barely miss the goblin. The goblin hits you but does no damage.
You barely miss the goblin. The goblin misses you.
You barely miss the goblin. The goblin hits you but does no damage.
The goblin closely misses you.
You barely miss the goblin. The goblin hits you with a +0 dagger.
You closely miss the goblin. The goblin hits you but does no damage.
You barely miss the goblin. The goblin hits you but does no damage.
You barely miss the goblin. The goblin hits you with a +0 dagger.
You closely miss the goblin. The goblin completely misses you.
You hit the goblin.
You kill the goblin!
Throw: 3 throwing nets
Press: ? - help, Q - select action, (/) - cycle Shift-Dir - straight line, f - ogre
Aim: an ogre, wielding a +0 giant club (75% to hit)
You throw a throwing net.
The throwing net barely misses the ogre.
The ogre closely misses you.
Throw: 2 throwing nets
Press: ? - help, Q - select action, (/) - cycle Shift-Dir - straight line, f/p - ogre
Aim: an ogre, wielding a +0 giant club (75% to hit)
You throw a throwing net.
The throwing net closely misses the ogre.
Unknown command.
The ogre attacks as you move away!
The ogre hits you with a +0 giant club!!
Ouch! That really hurt!
* * * LOW HITPOINT WARNING * * *
The ogre attacks as you move away!
The ogre hits you with a +0 giant club!!
Ouch! That really hurt!
You die...

...##.##.###.#.O!###
...##.##.##..#g..)(###########
##.......#...# #)##.........
####........###
#(##.#####......
######.....###......# #.
##...###...#.#.# #.
##.####g#...#.# ### #O.....#.#
#@#......# #)#.##.### #.#.##.#
#.#.##.# #......# ###..†##
###.# #.# #†#


You could see an ogre and a goblin.

Vanquished Creatures
  2 adders
  A worm (D:2)
  2 dart slugs
  An orc (D:3)
  8 bats
  7 endoplasms
  A giant cockroach (D:1)
  13 goblins
  8 hobgoblins
  4 jackals
  A quokka (D:1)
  6 ball pythons
  6 frilled lizards
  4 kobolds
  6 rats
70 creatures vanquished.

Notes
Turn   | Place    | Note
-------+----------+-------------------------------------------
     0 | D:1      | Demosthentine the Merfolk Gladiator began the quest for the
                  | Orb.
     0 | D:1      | Reached XP level 1. HP: 16/16 MP: 1/1
   137 | D:1      | Reached XP level 2. HP: 23/23 MP: 2/2
   465 | D:1      | Reached XP level 3. HP: 17/28 MP: 3/3
   726 | D:2      | Found a burning altar of Makhleb.
   809 | D:2      | Identified the +8 mace "Nouxt" {vamp, Contam rElec rCorr
                  | Stlth+}
  1140 | D:2      | Reached skill level 1 in Armour
  1273 | D:2      | Reached XP level 4. HP: 32/34 MP: 4/4
  2192 | D:3      | Noticed an ogre
  2198 | D:3      | Reached skill level 5 in Polearms
  2226 | D:3      | Demolished by an ogre

Illustrated notes

Levels and vault maps discovered:
D:1:      lemuel_arrival_hallway, layout_rooms, minmay_close_crescents
D:2:      layout_basic, basic_altar, reono_crystal_passage, st_stairs_12,
          minmay_misc_feat_pillars
D:3:      layout_loops_cross, minmay_ogre_servants

Skill      XL: |  1  2  3  4 |
---------------+-------------+-----
Armour         | 1 |  1.3
Fighting       | 3 |  3.2
Polearms       | 5 |  5.0
Throwing       | |  2.0
Dodging        | |  4.9

Action                   |  1- 3 |  4- 6 || total
-------------------------+-------+-------++-------
Melee: Trident           |   117 |    84 ||   201
       Punch             |       |     2 ||     2
Throw: Throwing net      |       |     2 ||     2
  Use: Scroll            |     1 |     1 ||     2
 Stab: Sleeping          |     1 |     3 ||     4
Armor: Leather armour    |    24 |    13 ||    37
Dodge: Dodged            |    81 |    38 ||   119

Table legend: (Time is in decaauts)
 A = Elapsed time spent in this place.
 B = Non-inter-level travel time spent in this place.
 C = Inter-level travel time spent in this place.
 D = Time resting spent in this place.
 E = Time spent auto-exploring this place.
 F = Levels seen in this place.
 G = Mean time per level.
                   A        B        C        D        E       F      G
               +--------+--------+--------+--------+--------+-----+--------+
         Total |   2238 |   2165 |     73 |      0 |   1744 |   3 |  746.0 |
       Dungeon |   2238 |   2165 |     73 |      0 |   1744 |   3 |  746.0 |
               +--------+--------+--------+--------+--------+-----+--------+

Top non-repeatable levels by time:
     D:2: 970 daAuts
     D:1: 669 daAuts
     D:3: 597 daAuts
